 Dungeon Crawl Stone Soup version 0.31-a0-1019-g3dd9dd1025 (webtiles) character file.

Game seed: 12288232992434209140

59 Azuregosa the Changeling (level 3, -1/15 HPs)
             Began as a Felid Shapeshifter on Nov 17, 2023.
             Killed from afar by Ijyb (9 damage)
             ... with a puff of flame
             ... on level 3 of the Dungeon.
             The game lasted 00:03:17 (1566 turns).

Azuregosa the Changeling (Felid Shapeshifter)       Turns: 1566, Time: 00:03:17

Health: -1/15      AC:  1    Str: 16    XL:     3   Next: 78%
Magic:  4/4        EV: 17    Int: 13    God:
Gold:   131        SH:  0    Dex: 15    Spells: 2/2 levels left
                                        Lives:  0   Deaths: 1

rFire   . .          .
                       - Unarmed
rCold   . . .        (shield unavailable)
rNeg    . . .        (body armour unavailable)
rPois   .            (helmet unavailable)
rElec   .            (cloak unavailable)
rCorr   .            (gloves unavailable)
SInv    +            (boots unavailable)
Will    .....        l - amulet of regeneration
Stlth   +            h - +6 ring of strength
HPRegen 1.02/turn    (no ring)
MPRegen 0.09/turn

%: no passive effects
@: beast-form, quick
A: beast (slay +2), very small, claws 1, fangs 3, see invisible, speed 1, shaggy
fur 1, stealthy paws, no weapons or thrown items, no armour, multi-lived
a: Begin Untransformation


You were on level 3 of the Dungeon.
You were a hulking beast.
You visited 1 branch of the dungeon, and saw 3 of its levels.

You collected 131 gold pieces.

Inventory:

Jewellery
 h - a +6 ring of strength (left paw)
 l - an amulet of regeneration (around neck)
Talismans
 b - a beast talisman
 c - a flux talisman
Scrolls
 d - a scroll of teleportation {unknown}
 g - 2 scrolls of identify {unknown}
 i - 3 scrolls of enchant weapon {unknown}
 j - 2 scrolls of fear {unknown}
 o - a scroll of vulnerability {unknown}
Potions
 a - a potion of lignification
 e - 4 potions of curing {unknown}
 f - a potion of attraction {unknown}
 k - a potion of might {unknown}
 m - a potion of magic {unknown}
 n - a potion of haste {unknown}
 p - a potion of resistance {unknown}
 q - a potion of mutation {unknown}
 r - 2 potions of enlightenment {unknown}


   Skills:
 - Level 1.0 Fighting
 - Level 2.6 Dodging
 - Level 3.0 Unarmed Combat
 + Level 5.0 Shapeshifting


You had 2 spell levels left.
You didn't know any spells.
Your spell library contained the following spells:

 Spells                   Type           Power      Damage    Failure   Level
 Ozocubu's Armour         Ice            0%         N/A       67%         3
 Metabolic Englaciation   Hex/Ice        0%         N/A       100%        5
 Simulacrum               Ice/Necr       0%         N/A       100%        6


Dungeon Overview and Level Annotations

Branches:
Dungeon (3/15)

Altars:
Makhleb
Zin

Annotations:
D:3 Ijyb


Innate Abilities, Weirdness & Mutations

You are a hulking beast.
Your limbs bulge with bestial killing power. (Slay +2)
You have sharp claws.
You have razor-sharp teeth.
You have supernaturally acute eyesight. (SInv)
You cover ground quickly. (Speed+)
You are covered in fur. (AC +1)
Your paws help you pounce on unaware monsters.
You are incapable of wielding weapons or throwing items.
You cannot wear armour.
You gain extra lives every three experience levels.


Message History

You scratch Sigmund.
Sigmund is lightly wounded.
Sigmund flickers, as though insubstantial.
Sigmund casts a spell at you.
You are confused.
You barely miss Sigmund. You bite Sigmund, but do no damage.
Sigmund is lightly wounded.
Sigmund misses you.
You scratch Sigmund.
Sigmund is moderately wounded.
Sigmund casts a spell.
Sigmund flickers and vanishes for a moment.
Sigmund misses you.
You bump into the rock wall.
You feel less confused. Sigmund casts a spell at you.
You are confused.
Sigmund barely misses you.
You claw Sigmund!
Sigmund is severely wounded.
Sigmund closely misses you. Sigmund barely misses you.
You're too confused to move!
You closely miss Sigmund.
Sigmund is severely wounded.
You feel less confused. Sigmund barely misses you.
You scratch Sigmund.
Sigmund is severely wounded.
Sigmund casts a spell at you. The magic dart hits you!
Ouch! That really hurt!
You scratch Sigmund.
Sigmund is almost dead.
Sigmund closely misses you.
You claw Sigmund!
You kill Sigmund!
Ijyb zaps a wand.
The puff of flame hits you!
Ouch! That really hurt!
You die...

# ### # ..# # .##+#####.#
..####. # ..........#
....... # ........h.#
#.....# . ..$......)#
####.....
..........###....... .#
.................# .##
......[..........######?.
...
#########................
.##
......#.###g)......##..
... #.......###........+
..#. #.g.....##[........#


You could see Ijyb.

Vanquished Creatures
  Sigmund (D:3)
  3 adders (D:2)
  3 dart slugs
  A ball python (D:2)
  3 endoplasms
  A giant cockroach (D:3)
  3 goblins (D:1)
  2 hobgoblins
  6 kobolds
  A quokka (D:1)
  2 frilled lizards (D:2)
  3 rats
29 creatures vanquished.

Notes
Turn   | Place    | Note
-------+----------+-------------------------------------------
     0 | D:1      | Azuregosa the Felid Shapeshifter began the quest for the
                  | Orb.
     0 | D:1      | Reached XP level 1. HP: 9/9 MP: 2/2
   233 | D:1      | Reached XP level 2. HP: 6/12 MP: 3/3
   320 | D:1      | Reached skill level 4 in Shapeshifting
   847 | D:2      | Reached XP level 3. HP: 12/15 MP: 4/4
  1454 | D:3      | Reached skill level 5 in Shapeshifting
  1481 | D:3      | Found a burning altar of Makhleb.
  1486 | D:3      | Noticed an Executioner
  1487 | D:3      | Found a glowing silver altar of Zin.
  1488 | D:3      | Noticed an angel
  1518 | D:3      | Noticed Ijyb
  1525 | D:3      | Slain by Ijyb
  1543 | D:3      | Noticed Sigmund
  1566 | D:3      | Killed Sigmund
  1566 | D:3      | Killed from afar by Ijyb

Illustrated notes

Levels and vault maps discovered:
D:1:      dpeg_arrival_simpleton_c, layout_loops_ring, corexii_leaking_fountain
D:2:      layout_basic
D:3:      layout_basic, grunt_temple_overflow_order_and_chaos_2,
          mainiacjoe_overflow_tiny_flanked, uniq_grinder, uniq_sigmund,
          uniq_ijyb

Skill      XL: |  1  2  3 |
---------------+----------+-----
Shapeshifting  | 4 5 |  5.0
Fighting       | |  1.0
Dodging        | |  2.6
Unarmed Combat | |  3.0

Action                     || total
---------------------------++-------
  Melee: Unarmed           ||    69
         Bite              ||     3
   Stab: Sleeping          ||     2
 Armour: Skin              ||    15
  Dodge: Dodged            ||    43

Table legend: (Time is in decaauts)
 A = Elapsed time spent in this place.
 B = Non-inter-level travel time spent in this place.
 C = Inter-level travel time spent in this place.
 D = Time resting spent in this place.
 E = Time spent auto-exploring this place.
 F = Levels seen in this place.
 G = Mean time per level.
                   A        B        C        D        E       F      G
               +--------+--------+--------+--------+--------+-----+--------+
         Total |   1288 |   1261 |     27 |     63 |    877 |   3 |  429.3 |
       Dungeon |   1288 |   1261 |     27 |     63 |    877 |   3 |  429.3 |
               +--------+--------+--------+--------+--------+-----+--------+

Top non-repeatable levels by time:
     D:1: 596 daAuts
     D:2: 519 daAuts
     D:3: 172 daAuts
